 Dungeon Crawl Stone Soup version 0.19-a0-1109-g16db51f (webtiles) character file.

651 Deeps the Cleaver (level 7, -2/57 HPs)
             Began as a Hill Orc Fighter on Aug 9, 2016.
             Was a Follower of Okawaru.
             Slain by an ogre
             ... wielding a +0 giant club
              (12 damage)
             ... on level 4 of the Dungeon.
             The game lasted 00:06:16 (3135 turns).

Deeps the Cleaver (Hill Orc Fighter)                Turns: 3135, Time: 00:06:16

Health: -2/57      AC: 15    Str: 18 (21) XL:     7   Next: 53%
Magic:  7/7        EV:  4    Int:  6 (8)  God:    Okawaru [*.....]
Gold:   167        SH:  8    Dex:  7 (10) Spells: 0 memorised, 6 levels left

rFire  . . .     SeeInvis .     a - +0 war axe
rCold  . . .     Gourm    .     t - +3 chain mail
rNeg   . . .     Faith    .     c - +0 shield
rPois  .         Spirit   .     (no helmet)
rElec  .         Dismiss  .     (no cloak)
rCorr  .         Reflect  .     s - +2 pair of gloves
SustAt .         Harm     .     (no boots)
MR     .....                    (no amulet)
Stlth  ..........               (no ring)
                                (no ring)

@: flying
A: no striking features
a: Heroism, Renounce Religion


You were on level 4 of the Dungeon.
You worshipped Okawaru.
Okawaru was aware of your devotion.
You were very hungry.

You visited 2 branches of the dungeon, and saw 5 of its levels.

You collected 167 gold pieces.

Inventory:

Hand Weapons
 a - a +0 war axe (weapon)
 b - a +0 dire flail of venom
Armour
 c - a +0 shield (worn)
 s - a +2 pair of gloves (worn)
 t - a +3 chain mail (worn)
Scrolls
 e - 3 scrolls of enchant weapon {unknown}
 g - a scroll of remove curse {unknown}
 h - 6 scrolls of identify {unknown}
 j - 4 scrolls of magic mapping {unknown}
 m - a scroll of fog {unknown}
 o - a scroll of noise {unknown}
 p - 2 scrolls of teleportation {unknown}
 r - a scroll of recharging {unknown}
 u - a scroll of amnesia {unknown}
Potions
 d - a potion of might
 k - 2 potions of flight
Comestibles
 f - 3 bread rations
 i - 5 fruits
 n - 2 beef jerkies
 q - 2 meat rations


   Skills:
 - Level 3.6 Fighting
 + Level 10.6 Axes
 - Level 3.2 Armour
 - Level 3.2 Shields


You had 6 spell levels left.
You didn't know any spells.

Dungeon Overview and Level Annotations

Branches:
Dungeon (4/15)             Temple (1/1) D:4

Altars:
Ashenzari
Cheibriados
Dithmenos
Elyvilon
Fedhas
Hepliaklqana
Kikubaaqudgha
Makhleb
Nemelex Xobeh
Okawaru
Pakellas
Qazlal
Ru
Vehumet
Xom
Yredelemnul
Zin


Message History

You fly up into the air.
The ogre barely misses you.
You slash the ogre!
The ogre is heavily wounded.
The ogre hits you with a giant club.
* * * LOW HITPOINT WARNING * * *
You barely miss the ogre.
The ogre is heavily wounded.
The ogre hits you with a giant club!
* * * LOW HITPOINT WARNING * * *
Okay, then.
It was a potion of degeneration.
There was something very wrong with that liquid.
You feel weakened.
You feel dopey.
You feel clumsy.
It was a potion of curing.
You feel better. The ogre hits you with a giant club!
* * * LOW HITPOINT WARNING * * *
You slash the ogre!
The ogre is almost dead.
The ogre hits you with a giant club!
You die...

.# ##..... #.# ##..#...
.. ####..###.. .#
####..>..# #..
#.#####........## ##[
##).............## ##
..##................##
.......O#............#
......#.@............#
...## #..#...........# #
##............###
#######..............##
##...##..###...........##
##.....#.(#
#########.....
##......#.## ###...
#.<.......# ###.
#.........## ##


You could see an ogre.

Vanquished Creatures
  The ghost of Lorrdernie the Insei, a novice OpTm (D:4)
  Edmund (D:4)
  An orc wizard (D:4)
  Ijyb (D:3)
  Terence (D:3)
  2 worker ants
  A hound skeleton (D:4)
  6 adders
  An ooze (D:3)
  3 worms
  3 dart slugs
  2 giant geckos
  8 orcs
  A ball python (D:2)
  3 giant cockroaches
  6 goblins
  9 hobgoblins
  A jackal (D:3)
  A quokka (D:3)
  6 bats
  5 giant newts
  8 kobolds
  6 rats
77 creatures vanquished.

Notes
Turn   | Place    | Note
-------+----------+-------------------------------------------
     0 | D:1      | Deeps the Hill Orc Fighter began the quest for the Orb.
     0 | D:1      | Reached XP level 1. HP: 19/19 MP: 1/1
   146 | D:1      | Reached skill level 3 in Axes
   200 | D:1      | Reached XP level 2. HP: 26/26 MP: 2/2
   279 | D:1      | Reached skill level 4 in Axes
   697 | D:2      | Found a faded altar of an unknown god.
   708 | D:2      | Reached XP level 3. HP: 11/31 MP: 3/3
   814 | D:2      | Reached skill level 5 in Axes
  1150 | D:2      | Found a shadowy altar of Dithmenos.
  1189 | D:2      | Reached XP level 4. HP: 39/39 MP: 4/4
  1707 | D:3      | Reached skill level 6 in Axes
  1733 | D:3      | Noticed Ijyb
  1758 | D:3      | Killed Ijyb
  1758 | D:3      | Reached XP level 5. HP: 42/45 MP: 5/5
  1799 | D:3      | Reached skill level 7 in Axes
  1983 | D:3      | Noticed Terence
  1991 | D:3      | Killed Terence
  2476 | D:4      | Noticed Edmund
  2478 | D:4      | Found a staircase to the Ecumenical Temple.
  2484 | D:4      | Killed Edmund
  2484 | D:4      | Reached skill level 8 in Axes
  2484 | D:4      | Reached XP level 6. HP: 34/51 MP: 6/6
  2506 | Temple   | Entered the Ecumenical Temple
  2713 | Temple   | Became a worshipper of Warmaster Okawaru
  2844 | D:4      | Noticed Lorrdernie's ghost (novice OpTm)
  2866 | D:4      | Killed Lorrdernie's ghost
  2866 | D:4      | Reached * piety under Okawaru
  2866 | D:4      | Reached skill level 10 in Axes
  2866 | D:4      | Reached XP level 7. HP: 41/57 MP: 7/7
  3135 | D:4      | Slain by an ogre

Vault maps used:
D:1:      dpeg_arrival_castle
D:2:      first_bread, ecumenical_altar_1, grunt_dithmenos_smoke_and_mirrors
D:3:      uniq_iyjb, uniq_terence
D:4:      portal_sewer_entry_b, yredelemnul_altar_generic, uniq_edmund,
          uniq_blork_the_orc
Temple:   regret_index_temple_sphere_string

Skill      XL: |  1  2  3  4  5  6 |
---------------+-------------------+-----
Axes           | 3 4 5 6 8 10 | 10.6
Fighting       | |  3.6
Armour         | |  3.2
Shields        | |  3.2

Action                   |  1- 3 |  4- 6 |  7- 9 || total
-------------------------+-------+-------+-------++-------
Melee: War axe           |   106 |   150 |    36 ||   292
  Use: Potion            |     1 |     2 |     3 ||     6
  Eat: Fruit             |       |     2 |       ||     2
       Chunk             |       |     5 |       ||     5
Armor: Scale mail        |    48 |    47 |       ||    95
       Skin              |     9 |       |       ||     9
       Chain mail        |       |    17 |    20 ||    37
Dodge: Dodged            |    41 |    35 |     5 ||    81
Block: Shield            |    62 |    66 |     7 ||   135
